 Dungeon Crawl Stone Soup version 0.23-a0-808-gd21de94 (webtiles) character file.

4 tidbits the Skirmisher (level 1, 23/23 HPs)
             Began as a Gnoll Wanderer on Jan 20, 2019.
             Quit the game on level 1 of the Dungeon.
             The game lasted 00:01:08 (110 turns).

tidbits the Skirmisher (Gnoll Wanderer)              Turns: 110, Time: 00:01:08

Health: 23/23      AC:  6    Str: 15    XL:     1   Next: 70%
Magic:  1/1        EV: 11    Int: 15    God:
Gold:   49         SH:  0    Dex: 12    Spells: 0/0 levels left

rFire    . . .     SeeInvis .   b - +2 shortbow
rCold    . . .     Gourm    .   (shield currently unavailable)
rNeg     . . .     Faith    .   B - +0 ring mail
rPois    .         Spirit   .   (no helmet)
rElec    .         Reflect  .   (no cloak)
rCorr    .         Harm     .   (no gloves)
MR       .....                  (no boots)
Stlth    +.........             e - amulet of inaccuracy (curse)
HPRegen  0.07/turn              (no ring)
MPRegen  0.07/turn              (no ring)

@: no status effects
A: distributed training, fangs 1, strong nose
a: no special abilities


You were on level 1 of the Dungeon.
You were not hungry.

You visited 1 branch of the dungeon, and saw 2 of its levels.

You collected 49 gold pieces.

Inventory:

Hand Weapons
 b - a +2 shortbow (weapon)
Missiles
 a - 17 arrows (quivered)
Armour
 B - a +0 ring mail (worn)
Jewellery
 e - a cursed amulet of inaccuracy (around neck)
   (You found it on level 1 of the Dungeon)
Potions
 c - a potion of lignification
Comestibles
 f - a ration


   Skills:
 + Level 6.4 Fighting
 + Level 0.1 Short Blades
 + Level 0.1 Long Blades
 + Level 0.1 Axes
 + Level 0.1 Maces & Flails
 + Level 0.1 Polearms
 + Level 0.1 Staves
 + Level 0.1 Slings
 + Level 4.4 Bows
 + Level 0.1 Crossbows
 + Level 4.4 Throwing
 + Level 4.4 Armour
 + Level 2.4 Dodging
 + Level 0.1 Stealth
 + Level 0.1 Shields
 + Level 0.1 Unarmed Combat
 + Level 0.1 Spellcasting
 + Level 0.1 Conjurations
 + Level 0.1 Hexes
 + Level 0.1 Charms
 + Level 0.1 Summonings
 + Level 0.1 Necromancy
 + Level 0.1 Translocations
 + Level 0.1 Transmutations
 + Level 0.1 Fire Magic
 + Level 0.1 Ice Magic
 + Level 0.1 Air Magic
 + Level 0.1 Earth Magic
 + Level 0.1 Poison Magic
 + Level 0.2 Invocations
 + Level 0.1 Evocations


You couldn't memorise any spells.
You didn't know any spells.
Your spell library was empty.

Dungeon Overview and Level Annotations

Branches:
Dungeon (2/15)

Altars:


Innate Abilities, Weirdness & Mutations

Your experience applies equally to all skills.
You have very sharp teeth.
Your uncanny sense of smell can sniff out nearby items.


Message History

You see here an arrow.
a - 22 arrows (gained 1)
A dart slug comes into view.
The dart slug launches a dart at you. The slug dart misses you.
Things that are here:
an arrow; a bat corpse Firing (i - inventory)
a - 22 arrows (quivered)
Press: ? - help, Shift-Dir - straight line, f - dart slug
Aim: a dart slug (clinging)
You shoot an arrow. The arrow hits the dart slug.
The dart slug is severely wounded.
Firing (i - inventory)
a - 21 arrows (quivered)
Press: ? - help, Shift-Dir - straight line, f/p - dart slug
Aim: a dart slug (severely wounded, clinging)
You shoot an arrow. The arrow hits the dart slug!
You kill the dart slug!
a - 21 arrows (gained 1)
Found a scroll labeled TUTZUS AZICRI and 10 gold pieces.
You see here an arrow.
Unknown command.
a - 22 arrows (gained 1)
Found a stone staircase leading down.
You see here a scroll labeled TUTZUS AZICRI.
d - a scroll labeled TUTZUS AZICRI You see here 10 gold pieces.
You now have 10 gold pieces.
There is a stone staircase leading down here.
You climb downwards.
Found 16 gold pieces.
There is a stone staircase leading up here.
Unknown command.
Unknown command.
You see here 16 gold pieces.
You now have 26 gold pieces (gained 16).
There is a stone staircase leading up here.
You climb upwards.
There is a stone staircase leading down here.
Unknown command.
Things that are here:
an arrow; a dart slug corpse
a - 23 arrows (gained 1)
Found 12 gold pieces.
You see here 12 gold pieces.
You now have 38 gold pieces (gained 12).
A kobold comes into view. It is wielding a +0 dagger.
The kobold shouts!
The kobold throws a stone.
The stone closely misses you.
Found a twisted amethyst amulet.
Unknown command.
Firing (i - inventory)
a - 23 arrows (quivered)
Press: ? - help, Shift-Dir - straight line, f - kobold
Aim: a kobold, wielding a +0 dagger You shoot an arrow.
The arrow hits the kobold but does no damage.
The kobold throws a stone.
The stone hits you but does no damage.
Firing (i - inventory)
a - 22 arrows (quivered)
Press: ? - help, Shift-Dir - straight line, f/p - kobold
Aim: a kobold, wielding a +0 dagger You shoot an arrow.
The arrow hits the kobold.
You kill the kobold!
You see here a twisted amethyst amulet.
e - a twisted amethyst amulet Put on which piece of jewellery? (? for menu, Esc to quit)
Oops, that amulet feels deathly cold.
e - a cursed amulet of inaccuracy (around neck)
As you read the scroll labeled TUTZUS AZICRI, it crumbles to dust.
It is a scroll of identify.
You don't have any unidentified items.
Found 11 gold pieces.
Things that are here:
a +0 dagger; a stone You see here 11 gold pieces.
You now have 49 gold pieces (gained 11).
Found 13 gold pieces.
Unknown command.
Found 3 scrolls labeled DATATWEPNA and 14 gold pieces.
Unknown command.
Found a ration and 16 arrows.
Found 14 gold pieces.
Found a pair of boots.
A goblin comes into view.
The goblin shouts!
Firing (i - inventory)
a - 21 arrows (quivered)
Press: ? - help, Shift-Dir - straight line, f - goblin
Aim: a goblin You shoot an arrow.
The arrow barely misses the goblin.
Firing (i - inventory)
a - 20 arrows (quivered)
Press: ? - help, Shift-Dir - straight line, f/p - goblin
Aim: a goblin You shoot an arrow.
The arrow barely misses the goblin.
Firing (i - inventory)
a - 19 arrows (quivered)
Press: ? - help, Shift-Dir - straight line, f/p - goblin
Aim: a goblin You shoot an arrow.
The arrow closely misses the goblin.
Firing (i - inventory)
a - 18 arrows (quivered)
Press: ? - help, Shift-Dir - straight line, f/p - goblin
Aim: a goblin You shoot an arrow.
The arrow barely misses the goblin.
Are you sure you want to abandon this character and quit the game? (Confirm with "yes".)

..#. ...### ......
......# . ..$...
#......# .
......####....$.##. .
...(....................
.....?..................
........................
.....%........$....#....
.....g.@.........#......
....(....#...###........
.[.(.....#..............
.((......#..#######.....
........##........#..###
..#########.#####.#.....
. #.# #.##.... #.#
#...).## #.# #..##.##


You could see a goblin.

Vanquished Creatures
  A dart slug (D:1)
  A bat (D:1)
  A frilled lizard (D:1)
  A kobold (D:1)
4 creatures vanquished.

Notes
Turn   | Place    | Note
-------+----------+-------------------------------------------
     0 | D:1      | tidbits the Gnoll Wanderer began the quest for the Orb.
     0 | D:1      | tidbits set off with the following items: a +2 shortbow, 25
                  | arrows, a potion of lignification, a +0 ring mail, a ration
     0 | D:1      | Reached XP level 1. HP: 23/23 MP: 1/1
   110 | D:1      | Quit the game

Vault maps used:
D:1:      ebering_hopf_link
D:2:      lemuel_crystal_altar, minmay_shallow_snake_nest, uniq_sigmund

Action                   || total
-------------------------++-------
 Fire: Shortbow          ||    12
  Use: Scroll            ||     1
Armor: Ring mail         ||     1
Dodge: Dodged            ||     4

Table legend:
 A = Non-vault XP
 B = Vault XP
 C = Vault XP percentage of total XP
 D = Non-vault monster count
 E = Vault monster count
 F = Vault count percentage of total count
                 A         B        C        D         E       F
            +---------+---------+-------+---------+---------+-------
      Total |       7 |       0 |   0.0 |       4 |       0 |   0.0
            +---------+---------+-------+---------+---------+-------
        D:1 |       7 |       0 |   0.0 |       4 |       0 |   0.0
            +---------+---------+-------+---------+---------+-------

Table legend:
 A = Turns spent in this place as a percentage of turns spent in the entire game.
 B = Non-inter-level travel turns spent in this place as a percentage of non-inter-level travel turns spent in the entire game.
 C = Inter-level travel turns spent in this place as a percentage of turns spent in this place.
 D = Turns resting spent in this place as a percentage of non-inter-level travel turns spent in this place.
 E = Turns spent auto-exploring this place as a percentage of non-inter-level travel turns spent in this place.
 F = Non-inter-level travel turns spent in this place divided by the number of levels of this place that you've seen.
                   A       B       C       D       E      F
               +-------+-------+-------+-------+-------+----------------------
         Total | 100.0 | 100.0 |   0.0 |   0.0 |   0.0 |  55.0
       Dungeon | 100.0 | 100.0 |   0.0 |   0.0 |   0.0 |  55.0
               +-------+-------+-------+-------+-------+----------------------

Table legend:
 A = Kills in this place as a percentage of kills in entire the game.
 B = Kills by you in this place as a percentage of kills by you in the entire game.
 C = Kills by friends in this place as a percentage of kills by friends in the entire game.
 D = Other kills in this place as a percentage of other kills in the entire game.
 E = Experience gained in this place as a percentage of experience gained in the entire game.
 F = Experience gained in this place divided by the number of levels of this place that you have seen.
                   A       B       C       D       E      F
               +-------+-------+-------+-------+-------+----------------------
         Total | 100.0 | 100.0 |   N/A |   N/A | 100.0 |   3.5
       Dungeon | 100.0 | 100.0 |   N/A |   N/A | 100.0 |   3.5
               +-------+-------+-------+-------+-------+----------------------

Vault maps used:
D:1:      ebering_hopf_link
D:2:      lemuel_crystal_altar, minmay_shallow_snake_nest, uniq_sigmund
